Eris, lawful female human Priestess ---------- |........| |....^%..| |....^%..| ##.....*.+.. # -----.---- # # # # # ------# |....s# |..<@| |...#| ------ Eris the Adept Experience level: 6 Strength: 12 Dexterity: 12 Constitution: 12 Intelligence: 19 Wisdom: 10 Charisma: 8 Health: 0(38) Energy: 45(45) Def: 6 Gold: 182 Moves: 3403 Dungeon seed: sXqvIchXVV34tD2E Game ID: Eris_1513650022 Your Inventory: Coins $ - 182 gold pieces Amulets E - an uncursed amulet of ESP (being worn) Weapons a - a blessed rusty +1 mace (weapon in hand) t - an uncursed +0 silver dagger Armor e - an uncursed +0 robe (being worn) n - an uncursed +0 small shield (being worn) r - an uncursed +0 cloak of invisibility y - an uncursed +0 orcish helm (being worn) N - an uncursed +0 pair of iron shoes (being worn) Comestibles c - an uncursed clove of garlic d - an uncursed sprig of wolfsbane D - an uncursed tripe ration H - an uncursed lizard corpse Scrolls k - an uncursed scroll of enchant armor v - an uncursed scroll of teleportation z - 2 uncursed scrolls of remove curse C - an uncursed scroll of magic mapping G - a cursed scroll of enchant weapon I - an uncursed scroll of identify Spellbooks g - an uncursed spellbook of stone to flesh h - a blessed spellbook of clairvoyance Potions j - an uncursed potion of gain level m - an uncursed potion of see invisible p - an uncursed potion of speed B - 4 potions of holy water Wands f - an uncursed wand of cancellation (0:0) q - an uncursed wand of enlightenment (0:14) s - an uncursed wand of cold (0:0) A - a blessed wand of slow monster (0:3) Tools b - an uncursed bag of tricks (0:8) i - an uncursed magic marker (0:54) l - an uncursed tinning kit (0:77) o - an uncursed skeleton key u - an uncursed tin whistle F - an uncursed bag of tricks (0:12) Spells and supernatural/magical abilities: Name Level Category Fail Memory v - clairvoyance 3 divination 71% 83% S - stone to flesh 3 healing 71% 83% W - pray for help -- divine ? -- X - turn undead -- divine ? -- Your skills at the end: Miscellaneous Skills shield [Basic] wands [Basic] stealth [Skilled] Weapon Skills mace [Skilled] Spellcasting Skills clerical spells [Basic] Final Attributes: You were devoutly aligned. Your writing hand was thoroughly cramped from overuse. You were telepathic. You were somewhat stealthy. Athena was angry with you. You are dead. Vanquished creatures: a quantum mechanic a small mimic a lizard a yellow light a rock piercer 5 gnome lords a gnomish wizard 2 black naga hatchlings an elf zombie a giant ant a floating eye 3 dwarves an iguana 2 jitterbugs 2 giant bats 3 dwarf zombies a gecko 15 gnomes 2 gnome zombies 5 jackals a fox a kobold 7 newts 3 goblins 3 grid bugs 7 lichens a kobold zombie 73 creatures vanquished. Voluntary challenges: You did not cause conflict. You did not have reflection. You were not displaced. You used a wielded weapon 109 times, starting on turn 78. You did not use containers. You did not apply a unicorn horn. You did not use plumbed fixtures. You did not drink any magical draughts. You read items or engraved 10 times, starting on turn 756. You never genocided any monsters. You never polymorphed an object. You never changed form. You used no wishes. You never split a pudding. You wrote Elbereth's name 5 times, starting on turn 1707. You never violated your personal moral code. Dungeon overview: The Dungeons of Doom: levels 1 to 7 Level 1 a fountain a long staircase Level 2 Level 3 an armor shop, an altar to Poseidon, some fountains Level 4 a fountain stairs to The Gnomish Mines Level 5 (T) a general store Level 6 (luck) Level 7 <- You were here a sink The Gnomish Mines: levels 5 to 7 Level 5 stairs to The Dungeons of Doom Level 6 Level 7 History has recorded: On T:1 you entered the Dungeons of Doom to retrieve the Amulet of Yendor! On T:345 you reached level 2 of The Dungeons of Doom. On T:903 you advanced to experience level 2. On T:911 you reached level 3 of The Dungeons of Doom. On T:1088 you advanced to experience level 3. On T:1187 you reached level 4 of The Dungeons of Doom. On T:1215 you advanced to experience level 4. On T:1321 you reached level 5 of The Dungeons of Doom. On T:1363 you reached level 1 of The Gnomish Mines. On T:1445 you reached level 2 of The Gnomish Mines. On T:1451 you advanced to experience level 5. On T:1696 you prayed to Athena. On T:2007 you advanced to experience level 6. On T:2105 you prayed to Athena. On T:2250 you reached level 3 of The Gnomish Mines. On T:2856 you reached level 6 of The Dungeons of Doom. On T:3211 you reached level 7 of The Dungeons of Doom. Score breakdown: Gold: 182 ( 18 points) Experience: 6 levels ( 500 points) Exploration: 7 levels ( 180 points) Discoveries: 22 items ( 1100 points) Variety of kills: 27 monsters ( 1350 points) Major goal: (nothing yet) ( 0 points) Survival: died (score multiplied by 3) Total score: 9444 Latest messages: The giant spider bites! The giant spider moves its spinnerets around you. You write in the dust with your fingers. Your writing hand is beginning to cramp. You manage to get your message written, but the effort is draining. The giant spider turns to flee! You are stuck to the web. You disentangle yourself. Never mind. You write in the dust with your fingers. Your hand is cramping up. You manage to get your message written, but the effort is draining. Your movements are slowed slightly because of your load. The giant spider turns to flee! The giant spider bites! The giant spider moves its spinnerets around you. The web sticks you to the floor. You are stuck to the web. The giant spider bites! You die... Final status: Goodbye Eris the Priestess, killed by a giant spider... You died in The Dungeons of Doom on dungeon level 7 with 9444 points, and 182 pieces of gold, after 3403 moves. You were level 6 with a maximum of 38 hit points when you died.